 Dungeon Crawl Stone Soup version 0.19.4-8-ga85b6b9 (webtiles) character file.

5106 Naow the Destroyer (level 10, -5/50 HPs)
             Began as a Deep Elf Conjurer on Feb 14, 2017.
             Was a Follower of Vehumet.
             Slain by an orc knight
             ... wielding a +0 war axe
              (21 damage)
             ... in a bailey.
             The game lasted 00:17:57 (10488 turns).

Naow the Destroyer (Deep Elf Conjurer)             Turns: 10488, Time: 00:17:58

Health: -5/50      AC:  9    Str:  5    XL:     10   Next: 32%
Magic:  1/26       EV: 13    Int: 24    God:    Vehumet [*.....]
Gold:   600        SH:  0    Dex: 15    Spells: 6 memorised, 11 levels left

rFire  . . .     SeeInvis .     G - +2 dagger (venom)
rCold  . . .     Gourm    .     L - +0 robe (curse)
rNeg   . . .     Faith    .     (no shield)
rPois  .         Spirit   .     (no helmet)
rElec  .         Reflect  .     P - +2 cloak
rCorr  .         Harm     .     O - +0 pair of gloves
MR     +....                    (no boots)
Stlth  +++.......               k - amulet of magic regeneration
                                h - ring of stealth
                                e - +3 ring of protection

@: no status effects
A: no striking features
a: Renounce Religion


You were in a bailey.
You worshipped Vehumet.
Vehumet was aware of your devotion.
You were hungry.

You visited 2 branches of the dungeon, and saw 9 of its levels.
You also visited: Bailey.

You collected 600 gold pieces.

Inventory:

Hand Weapons
 G - a +2 dagger of venom (weapon)
Armour
 H - the +0 ring mail of Rationality {rN+ SInv, unknown}
   (You found it on level 4 of the Dungeon)

   It protects you from negative energy.
   It lets you see invisible.
 L - a cursed +0 robe (worn)
 O - a +0 pair of gloves (worn)
 P - a +2 cloak (worn)
Magical Staves
 D - an uncursed staff of fire
Jewellery
 e - a +3 ring of protection (left hand)
 h - a ring of stealth (right hand)
 k - an amulet of magic regeneration (around neck)
 r - an uncursed ring of flight
 A - an uncursed ring of protection from cold
 C - a +4 amulet of reflection
 Q - an uncursed ring of fire
Wands
 t - a wand of flame (34/48)
 v - a wand of iceblast (0/15)
Scrolls
 d - 3 scrolls of fog
 g - a scroll of immolation
 j - 3 scrolls of remove curse {unknown}
 o - 3 scrolls of amnesia {unknown}
 p - 3 scrolls of random uselessness {unknown}
 q - 2 scrolls of magic mapping {unknown}
 u - 2 scrolls of enchant weapon {unknown}
 y - 2 scrolls of recharging {unknown}
 F - a scroll of noise {unknown}
 I - a scroll of identify
 K - 2 scrolls of teleportation {unknown}
 N - a scroll of blinking
Potions
 f - 6 potions of curing
 m - 4 potions of heal wounds
 n - 2 potions of magic
 s - a potion of mutation
 x - a potion of cure mutation
 z - 2 potions of flight
 J - 3 potions of might
Books
 b - a book of Conjurations

   Spells                             Type                      Level
   a - Magic Dart                     Conjuration                  1
   b - Searing Ray                    Conjuration                  2
   c - Dazzling Spray                 Conjuration/Hexes            3
   d - Fulminant Prism                Conjuration/Hexes            4
   e - Iskenderun's Mystic Blast      Conjuration                  4
   f - Iskenderun's Battlesphere      Conjuration/Charms           5
 i - a book of Cantrips

   Spells                             Type                      Level
   a - Confusing Touch                Hexes                        1
   b - Animate Skeleton               Necromancy                   1
   c - Summon Small Mammal            Summoning                    1
   d - Apportation                    Translocation                1
 M - a book of Battle

   Spells                             Type                      Level
   a - Infusion                       Charms                       1
   b - Shroud of Golubria             Charms/Translocation         2
   c - Song of Slaying                Charms                       2
   d - Spectral Weapon                Hexes/Charms                 3
   e - Regeneration                   Charms/Necromancy            3
Comestibles
 a - 17 chunks of flesh
 c - 4 bread rations
 w - 8 meat rations
 R - 27 fruits


   Skills:
 - Level 2.4 Dodging
 - Level 2.4 Stealth
 + Level 10.8 Spellcasting
 * Level 13.2 Conjurations
 - Level 7.7 Charms


You had 11 spell levels left.
You knew the following spells:

 Your Spells              Type           Power        Failure   Level  Hunger
a - Magic Dart            Conj           ####         1%          1    None
b - Searing Ray           Conj           ######       1%          2    None
c - Iskenderun's Battles  Conj/Chrm      ######..     1%          5    ####...
d - Iskenderun's Mystic   Conj           ######..     1%          4    None
e - Fulminant Prism       Conj/Hex       #####.....   3%          4    None
f - Regeneration          Chrm/Necr      ####......   2%          3    None


Dungeon Overview and Level Annotations

Branches:
Dungeon (8/15)             Temple (1/1) D:7
   Lair: D:8-11

Altars:
Ashenzari
Cheibriados
Dithmenos
Elyvilon
Fedhas
Gozag
Hepliaklqana
Makhleb
Nemelex Xobeh
Okawaru
Ru
Uskayaw
Vehumet
Xom
Yredelemnul
Zin
The Shining One

Shops:
D:6 *


Message History

The orc knight is almost dead.
Your battlesphere expends the last of its energy and dissipates.
Evoke which item? (* to show all) (? for menu, Esc to quit)
Zapping:
v - a wand of iceblast {zapped: 6} (will waste charges)
Press: ? - help, Shift-Dir - straight line, p - orc knight The mass of ice explodes!
The iceblast engulfs the orc knight.
The orc knight is almost dead.
Evoking this partially-identified wand wasted a few charges.
You hear a shout!
The orc knight hits you with a war axe.
Evoke which item? (* to show all) (? for menu, Esc to quit)
Zapping:
t - a wand of flame (will waste charges)
Press: ? - help, Shift-Dir - straight line, f - orc knight
Aim: an orc knight, wielding a war axe and wearing a chain mail (almost dead)
The puff of flame misses the orc knight.
Evoking this partially-identified wand wasted a few charges.
The orc knight hits you with a war axe!
* * * LOW HITPOINT WARNING * * *
The orc knight hits you with a war axe!!
You die...

##### #.∩.# ###...###
#..o@...# #...∩...#
#.......# #.......#
########.......########
≈≈≈≈≈≈≈.........≈≈≈≈≈≈≈
≈≈≈≈≈≈≈≈≈≈...≈≈≈≈≈≈≈≈≈≈
≈≈≈≈≈≈≈≈≈≈...≈≈≈≈;≈≈≈≈≈
≈≈≈≈≈≈≈≈≈≈...≈≈≈≈≈≈≈≈≈≈


You could see an orc knight and an electric eel.

Vanquished Creatures
  An orc sorcerer (Bailey)
  A kobold demonologist (Bailey)
  A hornet (D:8)
  A hippogriff (D:5)
  A wyvern (D:8)
  Eustachio (D:6)
  A hungry ghost (D:8)
  2 orc warriors
  2 sky beasts
  A black bear (D:7)
  An ice beast (D:6)
  4 ogres
  A phantom (D:6)
  3 centaurs
  A big kobold (D:7)
  5 bullfrogs
  2 scorpions
  2 water moccasin skeletons
  The ghost of Opal the Skirmisher, a weakling DrBe of Trog (D:4)
  A killer bee (D:8)
  4 wights (D:3)
  2 crimson imps (D:5)
  2 bullfrog zombies
  A centaur zombie (D:5)
  7 hounds
  A jelly (D:5)
  7 orc priests
  5 bullfrog skeletons
  A centaur skeleton (D:6)
  3 iguanas
  7 worker ants
  7 orc wizards
  A hound zombie (D:7)
  9 gnolls
  13 adders
  3 shadow imps
  An ooze (D:2)
  An adder skeleton (D:4)
  5 worms
  A dart slug (D:1)
  6 leopard geckos
  20 orcs
  8 giant cockroaches
  9 goblins
  12 hobgoblins
  14 jackals
  7 quokkas
  9 bats
  2 frilled lizards
  2 jackal skeletons
  2 jackal zombies
  14 kobolds
  2 quokka skeletons
  9 rats
230 creatures vanquished.

Vanquished Creatures (others)
  A fulminant prism (D:5)
1 creature vanquished.

Grand Total: 231 creatures vanquished

Notes
Turn   | Place    | Note
-------+----------+-------------------------------------------
     0 | D:1      | Naow the Deep Elf Conjurer began the quest for the Orb.
     0 | D:1      | Reached XP level 1. HP: 10/10 MP: 6/6
    44 | D:1      | Found a shattered altar of Ashenzari.
   139 | D:1      | Reached XP level 2. HP: 15/15 MP: 1/8
   516 | D:1      | Reached skill level 5 in Conjurations
  1037 | D:2      | Reached XP level 3. HP: 19/19 MP: 7/10
  1041 | D:2      | Learned a level 2 spell: Searing Ray
  1367 | D:2      | Found a snail-covered altar of Cheibriados.
  1541 | D:2      | Reached XP level 4. HP: 24/24 MP: 10/12
  1979 | D:2      | Reached skill level 6 in Conjurations
  2170 | D:2      | Found a hide-covered altar of Uskayaw.
  2903 | D:3      | Reached XP level 5. HP: 16/28 MP: 7/13
  3578 | D:3      | Reached skill level 5 in Spellcasting
  3626 | D:3      | Found a faded altar of an unknown god.
  3638 | D:3      | Reached skill level 7 in Conjurations
  3638 | D:3      | Reached XP level 6. HP: 12/32 MP: 6/16
  3645 | D:3      | Learned a level 5 spell: Iskenderun's Battlesphere
  3650 | D:3      | Learned a level 4 spell: Iskenderun's Mystic Blast
  4151 | D:3      | Reached skill level 1 in Charms
  4842 | D:4      | Noticed Opal's ghost (weakling DrBe)
  4852 | D:4      | Killed Opal's ghost
  5181 | D:4      | Reached XP level 7. HP: 34/36 MP: 10/17
  5402 | D:4      | Reached skill level 8 in Conjurations
  5750 | D:4      | Got a scorched ring mail
  5907 | D:5      | Entered Level 5 of the Dungeon
  6336 | D:5      | Reached skill level 9 in Conjurations
  6336 | D:5      | Reached skill level 5 in Charms
  6336 | D:5      | Reached XP level 8. HP: 41/41 MP: 16/20
  6422 | D:5      | Learned a level 4 spell: Fulminant Prism
  6851 | D:5      | Noticed a hippogriff
  6856 | D:5      | Killed a hippogriff
  7063 | D:5      | Reached skill level 10 in Conjurations
  7487 | D:6      | Found a shimmering altar of Xom.
  7489 | D:6      | Found a white marble altar of Elyvilon.
  7489 | D:6      | Found a hide-covered altar of Uskayaw.
  7491 | D:6      | Found a shadowy altar of Dithmenos.
  7491 | D:6      | Found a basalt altar of Yredelemnul.
  7491 | D:6      | Found a shimmering altar of Xom.
  7799 | D:6      | Reached XP level 9. HP: 45/45 MP: 17/23
  7905 | D:6      | Found Zin's Purification Station.
  7937 | D:6      | Found a glowing silver altar of Zin.
  8209 | D:6      | Noticed Eustachio
  8213 | D:6      | Killed Eustachio
  8307 | D:6      | Reached skill level 11 in Conjurations
  9576 | D:7      | Found a staircase to the Ecumenical Temple.
  9600 | Temple   | Entered the Ecumenical Temple
  9607 | Temple   | Became a worshipper of Vehumet
  9741 | D:7      | Learned a level 3 spell: Regeneration
  9814 | D:8      | Reached skill level 12 in Conjurations
 10076 | D:8      | Reached skill level 10 in Spellcasting
 10156 | D:8      | Reached XP level 10. HP: 50/50 MP: 17/26
 10289 | D:8      | Reached * piety under Vehumet
 10289 | D:8      | Offered knowledge of Sting by Vehumet.
 10348 | D:8      | Found a flagged portal.
 10356 | Bailey   | Entered a bailey
 10437 | Bailey   | Found an iron altar of Okawaru.
 10437 | Bailey   | Noticed an orc sorcerer
 10444 | Bailey   | Killed an orc sorcerer
 10444 | Bailey   | Reached skill level 13 in Conjurations
 10445 | Bailey   | Noticed an orc knight
 10488 | Bailey   | Slain by an orc knight

Skill      XL: |  1  2  3  4  5  6  7  8  9 10 |
---------------+-------------------------------+-----
Conjurations   | 5 6 7 9 10 12 13 | 13.2
Spellcasting   | 4 5 6 8 10 | 10.8
Charms         | 3 5 6 7 |  7.7
Dodging        | |  2.4
Stealth        | |  2.4

Action                   |  1- 3 |  4- 6 |  7- 9 | 10-12 || total
-------------------------+-------+-------+-------+-------++-------
Melee: Unarmed           |     2 |       |       |       ||     2
       Dagger            |       |     9 |     9 |       ||    18
 Cast: Magic Dart        |    80 |   134 |   264 |    32 ||   510
       Searing Ray       |       |     9 |    45 |       ||    54
       Iskenderun's Batt |       |       |    10 |     6 ||    16
       Iskenderun's Myst |       |       |    10 |     7 ||    17
       Fulminant Prism   |       |       |     1 |       ||     1
Evoke: Wand              |       |       |       |     4 ||     4
  Use: Scroll            |       |       |    11 |       ||    11
  Eat: Chunk             |     2 |     9 |    16 |     2 ||    29
       Beef jerky        |       |     1 |     1 |       ||     2
Armor: Robe              |     3 |     1 |    25 |     1 ||    30
Dodge: Dodged            |     5 |    31 |    67 |     4 ||   107
